 Dungeon Crawl Stone Soup version 0.31.0-12-g77e489cdc1 (webtiles) character file.

Game seed: 3607870591858250869

40 Doomgape the Shooter (level 3, -2/23 HPs)
             Began as a Kobold Hunter on Feb 11, 2024.
             Killed from afar by an orc wizard (8 damage)
             ... with a puff of flame
             ... on level 2 of the Dungeon.
             The game lasted 00:00:47 (1174 turns).

Doomgape the Shooter (Kobold Hunter)                Turns: 1174, Time: 00:00:48

Health: -2/23      AC:  3    Str:  8    XL:     3   Next: 72%
Magic:  3/3        EV: 14    Int: 10    God:
Gold:   94         SH:  0    Dex: 20    Spells: 2/2 levels left

rFire   . . .        a - +0 shortbow
rCold   . . .        (shield currently unavailable)
rNeg    . . .        c - +0 leather armour
rPois   .            (no helmet)
rElec   .            (no cloak)
rCorr   .            (no gloves)
SInv    .            (no boots)
Will    .....        (no amulet)
Stlth   ++           (no ring)
HPRegen 0.23/turn    (no ring)
MPRegen 0.08/turn

%: no passive effects
@: confused
A: small, no large weapons, nightstalker 3
a: no special abilities


You were on level 2 of the Dungeon.
You visited 1 branch of the dungeon, and saw 2 of its levels.

You collected 94 gold pieces.

Inventory:

Hand Weapons
 a - a +0 shortbow (weapon)
Armour
 c - a +0 leather armour (worn)
Scrolls
 b - a scroll of butterflies
 d - a scroll of identify {unknown}
 f - a scroll of immolation {unknown}
Potions
 e - a potion of brilliance {unknown}


   Skills:
 + Level 3.0 Fighting
 + Level 5.8 Ranged Weapons
 - Level 2.4 Dodging
 + Level 2.9 Stealth


You had 2 spell levels left.
You didn't know any spells.
Your spell library was empty.

Dungeon Overview and Level Annotations

Branches:
Dungeon (2/15)

Altars:


Innate Abilities, Weirdness & Mutations

You are small and have problems with some larger weapons.
You are completely attuned to the shadows.


Message History

You are too confused!
You are too confused!
You are too confused!
You are too confused!
Unknown command.
You miss the orc wizard.
The orc wizard is severely wounded.
The orc wizard closely misses you. The orc wizard misses you.
You bump into the rock wall.
The orc wizard hits you with a +0 dagger.
The orc wizard misses you.
A ribbon worm comes into view.
You clumsily bash the orc wizard but do no damage.
The orc wizard is severely wounded.
An orc comes into view. It is wielding a +0 short sword.
The orc wizard completely misses you.
The orc wizard hits you with a +0 dagger.
The ribbon worm expels a string of sticky webbing.
The stream of webbing misses you.
The orc wizard hits you with a +0 dagger.
The orc wizard points at you and mumbles some strange words.
You are more confused.
You bump into the rock wall.
The orc wizard hits you but does no damage.
The orc wizard completely misses you.
You're too confused to move!
The orc wizard closely misses you. The orc wizard misses you.
The orc wizard gestures at you while chanting.
The magic dart hits you!
* * * LOW HITPOINT WARNING * * *
Unknown command.
The orc wizard gestures wildly while chanting.
The orc wizard flickers and vanishes!
Deactivating autopickup; reactivate with Ctrl-A.
You bump into the rock wall.
You bump into the rock wall.
You hear some strange, mumbled words.
A puff of flame appears from out of thin air!
The puff of flame hits you!
You die...

###.#..<....#
#............
#.#####. #.#
#.# #.# #.#
.o #.# .##.
#@# ....
####{##).#
#.....wo.#
#.#####..# #
..# ..# .##


There were no monsters in sight!

Vanquished Creatures
  An adder (D:2)
  A ribbon worm (D:2)
  An orc (D:2)
  3 goblins (D:1)
  2 hobgoblins (D:2)
  3 jackals (D:1)
  A kobold (D:1)
  A quokka (D:1)
  5 ball pythons
  2 bats (D:1)
  4 frilled lizards (D:1)
  2 rats
26 creatures vanquished.

Notes
Turn   | Place    | Note
-------+----------+-------------------------------------------
     0 | D:1      | Doomgape the Kobold Hunter began the quest for the Orb.
     0 | D:1      | Reached XP level 1. HP: 12/12 MP: 1/1
   350 | D:1      | Reached XP level 2. HP: 18/18 MP: 2/2
   916 | D:1      | Reached XP level 3. HP: 22/22 MP: 3/3
  1174 | D:2      | Killed from afar by an orc wizard

Illustrated notes

Levels and vault maps discovered:
D:1:      kennysheep_arrival_seaside, layout_basic, minmay_parallelograms,
          grunt_decor_clamped
D:2:      layout_loops_ring, serial_shops,
          nicolae_shop_competitors_out_of_business, minmay_rat_hole

Skill      XL: |  1  2  3 |
---------------+----------+-----
Stealth        | 2 |  2.9
Fighting       | 3 |  3.0
Ranged Weapons | |  5.8
Dodging        | |  2.4

Action                     || total
---------------------------++-------
  Melee: Shortbow          ||     2
   Fire: Shortbow          ||    59
 Armour: Leather armour    ||    21
  Dodge: Dodged            ||    19
